 Dungeon Crawl Stone Soup version 0.27.1-1-g398f81649c (webtiles) character file.

Game seed: 13379396162815866664

8755 MisterFreud the Blocker (level 11, -1/89 HPs)
             Began as a Gnoll Fighter on Sept 15, 2021.
             Was a Follower of Uskayaw.
             Killed from afar by a gargoyle (19 damage)
             ... with a stone arrow
             ... on level 10 of the Dungeon.
             The game lasted 00:16:29 (10903 turns).

MisterFreud the Blocker (Gnoll Fighter)            Turns: 10903, Time: 00:16:29

Health: -1/89      AC: 14    Str: 15    XL:     11   Next: 35%
Magic:  29/29      EV: 14    Int: 10    God:    Uskayaw [*.....]
Gold:   237        SH: 11    Dex: 17    Spells: 20/22 levels left

rFire    . . .     SeeInvis .   E - +2 hand axe (elec)
rCold    . . .     Faith    .   c - +0 kite shield
rNeg     . . .     Spirit   .   r - +3 leather armour "Womm" {+Inv MP+9 Dex+4}
rPois    .         Reflect  .   g - +2 hat
rElec    .         Harm     .   (no cloak)
rCorr    .         Rampage  .   (no gloves)
Will     .....                  j - +0 pair of boots
Stlth    +++.......             (no amulet)
HPRegen  0.24/turn              o - +4 ring of protection
MPRegen  0.21/turn              (no ring)

@: no status effects
A: fangs 1, strong nose, distributed training
a: Renounce Religion, Evoke Invisibility, Stomp


You were on level 10 of the Dungeon.
You worshipped Uskayaw.
Uskayaw was noncommittal.
You visited 1 branch of the dungeon, and saw 10 of its levels.

You collected 471 gold pieces.
You spent 234 gold pieces at shops.

Inventory:

Hand Weapons
 a - a +0 rapier
 l - a +4 spear
 E - a +2 hand axe of electrocution (weapon)
Missiles
 k - 2 datura-tipped darts
 t - 5 javelins
 y - 5 boomerangs (quivered)
 J - 54 poisoned darts
Armour
 b - a +0 scale mail
 c - a +0 kite shield (worn)
 g - a +2 hat (worn)
 j - a +0 pair of boots (worn)
 r - the +3 leather armour "Womm" (worn) {+Inv MP+9 Dex+4}
   (You found it on level 4 of the Dungeon)

   Dex:       It affects your dexterity (+4).
   MP:        It affects your magic capacity (+9).
   +Inv:      It lets you turn invisible.
Jewellery
 o - a +4 ring of protection (left hand)
 F - an amulet of magic regeneration
 L - a ring of ice
Wands
 H - a wand of acid (7)
 I - a wand of polymorph (4)
Scrolls
 e - a scroll of vulnerability {unknown}
 f - 4 scrolls of teleportation
 h - 2 scrolls of fear {unknown}
 m - 2 scrolls of magic mapping {unknown}
 n - a scroll of enchant weapon {unknown}
 q - a scroll of identify
 s - a scroll of acquirement {unknown}
 u - a scroll of immolation
 z - a scroll of silence {unknown}
 A - a scroll of holy word {unknown}
 K - a scroll of fog {unknown}
Potions
 d - 4 potions of might
 i - 4 potions of curing
 p - a potion of degeneration {unknown}
 v - 2 potions of brilliance
 w - a potion of heal wounds
 x - 2 potions of attraction
 B - a potion of resistance {unknown}
 C - a potion of flight {unknown}
 D - a potion of mutation {unknown}
 G - a potion of cancellation {unknown}


   Skills:
 + Level 9.1 Fighting
 + Level 7.8 Short Blades
 + Level 6.2 Long Blades
 + Level 6.2 Axes
 + Level 6.2 Maces & Flails
 + Level 6.2 Polearms
 + Level 6.2 Staves
 + Level 6.2 Slings
 + Level 6.2 Bows
 + Level 6.2 Crossbows
 + Level 6.2 Throwing
 + Level 9.1 Armour
 + Level 6.2 Dodging
 + Level 6.2 Stealth
 + Level 9.1 Shields
 + Level 6.2 Unarmed Combat
 + Level 6.2 Spellcasting
 + Level 5.1 Conjurations
 + Level 5.1 Hexes
 + Level 5.1 Summonings
 + Level 5.1 Necromancy
 + Level 5.1 Translocations
 + Level 5.1 Transmutations
 + Level 5.1 Fire Magic
 + Level 5.1 Ice Magic
 + Level 5.1 Air Magic
 + Level 5.1 Earth Magic
 + Level 5.1 Poison Magic
 + Level 6.8 Invocations
 + Level 6.2 Evocations


You had 20 spell levels left.
You knew the following spells:

 Your Spells              Type           Power      Damage    Failure   Level
a - Blink                 Tloc           N/A        N/A       10%         2

Your spell library contained the following spells:

 Spells                   Type           Power      Damage    Failure   Level
 Foxfire                  Conj/Fire      52%        2x1d6     6%          1
 Shock                    Conj/Air       52%        1d6       6%          1
 Lesser Beckoning         Tloc           6%         N/A       19%         3
 Swiftness                Air            13%        N/A       19%         3
 Airstrike                Air            6%         N/A       52%         4
 Fulminant Prism          Conj/Hex       6%         3d7       52%         4
 Fireball                 Conj/Fire      6%         3d5       86%         5
 Manifold Assault         Tloc           13%        N/A       86%         5
 Summon Forest            Summ/Tloc      6%         N/A       86%         5


Dungeon Overview and Level Annotations

Branches:
Dungeon (10/15)            Temple (0/1) D:4
   Lair: D:8-11         Orc: D:9-12

Altars:
Ashenzari
Hepliaklqana
Kikubaaqudgha
Makhleb
Okawaru
Trog
Uskayaw
Xom
The Shining One

Shops:
D:1 (   D:4 (   D:5 *


Innate Abilities, Weirdness & Mutations

You have very sharp teeth.
Your uncanny sense of smell can sniff out nearby items.
Your experience applies equally to all skills.


Message History

The gargoyle is severely damaged.
The gargoyle closely misses you.
You hit the gargoyle but do no damage. Your bite misses the gargoyle.
The gargoyle is severely damaged.
The gargoyle barely misses you.
You hit the gargoyle but do no damage.
The gargoyle is severely damaged.
You block the gargoyle's attack.
You hit the gargoyle but do no damage.
The gargoyle is severely damaged.
The gargoyle hits you with a +0 mace.
You hit the gargoyle but do no damage.
The gargoyle is severely damaged.
The gargoyle closely misses you.
You hit the gargoyle but do no damage.
The gargoyle is severely damaged.
The gargoyle hits you with a +0 mace!
* * * LOW HITPOINT WARNING * * *
You hit the gargoyle but do no damage.
The gargoyle is severely damaged.
The gargoyle hits you but does no damage.
You hit the gargoyle but do no damage.
The gargoyle is severely damaged.
You block the gargoyle's attack.
You hit the gargoyle but do no damage.
The gargoyle is severely damaged.
The gargoyle hits you but does no damage.
You hit the gargoyle but do no damage.
The gargoyle is severely damaged.
The gargoyle hits you with a +0 mace.
* * * LOW HITPOINT WARNING * * *
The gargoyle completely misses you.
You hit the gargoyle but do no damage.
The gargoyle is severely damaged.
You block the gargoyle's attack.
You hit the gargoyle but do no damage.
The gargoyle is severely damaged.
The gargoyle hurls a stone arrow at you.
The stone arrow hits you!!
You die...

# .## .## ##...
#.#.#####..# ####
#.#..#.)# ..#.
#.##.)†#######...#
#.####.......#### #
#####...............
#.##..@9...............
#...[.......###........
#?########### ####...##
# #...# #...# #...# ∆
..... ######


You could see a gargoyle.

Vanquished Creatures
  A boulder beetle (D:10)
  2 trolls (D:10)
  Prince Ribbit (D:5)
  A meliai zombie (D:9)
  A wraith (D:10)
  A wyvern (D:8)
  15 yaks
  Sigmund (D:5)
  Eustachio (D:4)
  A steam dragon (D:8)
  Menkaure (D:5)
  3 water moccasins
  A black bear (D:5)
  5 sky beasts
  3 orc warriors
  An ice beast (D:6)
  2 necrophages
  2 ogres (D:6)
  4 centaurs
  2 bullfrogs
  2 scorpions
  2 water moccasin skeletons (D:5)
  2 wyvern skeletons (D:6)
  3 killer bees (D:10)
  3 wights (D:9)
  2 howler monkeys
  5 centaur zombies
  3 bullfrog zombies (D:5)
  2 jellies (D:5)
  3 orc priests
  A gnoll shaman (D:10)
  2 bullfrog skeletons (D:5)
  A hound (D:6)
  3 centaur skeletons
  5 iguanas
  9 orc wizards
  A killer bee zombie (D:5)
  A centaur simulacrum (D:10)
  2 hound zombies (D:5)
  A hound skeleton (D:5)
  A howler monkey zombie (D:5)
  11 gnolls
  A howler monkey skeleton (D:5)
  2 adders
  3 white imps
  An adder zombie (D:5)
  4 worms
  27 orcs
  6 ball pythons
  A bat zombie (D:3)
  7 endoplasms
  5 giant cockroaches
  12 goblins
  9 hobgoblins
  6 bats
  3 frilled lizards
  4 kobolds
  4 rats
  2 rat zombies (D:3)
211 creatures vanquished.

Vanquished Creatures (others)
  2 plants
  3 withered plants (D:5)
5 creatures vanquished.

Grand Total: 216 creatures vanquished

Notes
Turn   | Place    | Note
-------+----------+-------------------------------------------
     0 | D:1      | MisterFreud the Gnoll Fighter began the quest for the Orb.
     0 | D:1      | Reached XP level 1. HP: 23/23 MP: 1/1
   131 | D:1      | Found Nojoal's Weapon Emporium.
   193 | D:1      | Reached XP level 2. HP: 19/29 MP: 2/2
   989 | D:2      | Reached XP level 3. HP: 32/35 MP: 2/4
  1173 | D:2      | Reached skill level 1 in Invocations
  1306 | D:2      | Found a faded altar of an unknown god.
  1310 | D:2      | Became a worshipper of Uskayaw the Reveller
  1310 | D:2      | Reached * piety under Uskayaw
  1414 | D:2      | Reached skill level 1 in Long Blades
  1414 | D:2      | Reached skill level 1 in Axes
  1414 | D:2      | Reached skill level 1 in Maces & Flails
  1414 | D:2      | Reached skill level 1 in Polearms
  1414 | D:2      | Reached skill level 1 in Staves
  1414 | D:2      | Reached skill level 1 in Slings
  1414 | D:2      | Reached skill level 1 in Bows
  1414 | D:2      | Reached skill level 1 in Crossbows
  1414 | D:2      | Reached skill level 1 in Throwing
  1414 | D:2      | Reached skill level 1 in Dodging
  1414 | D:2      | Reached skill level 1 in Stealth
  1414 | D:2      | Reached skill level 1 in Unarmed Combat
  1414 | D:2      | Reached skill level 1 in Spellcasting
  1414 | D:2      | Reached skill level 1 in Evocations
  1694 | D:3      | Found a bloodstained altar of Trog.
  1694 | D:3      | Found a broken altar of Ashenzari.
  1694 | D:3      | Found an iron altar of Okawaru.
  1694 | D:3      | Found a hazy altar of Hepliaklqana.
  1705 | D:3      | Reached XP level 4. HP: 40/41 MP: 5/5
  1706 | D:3      | Reached ** piety under Uskayaw
  1711 | D:3      | Reached *** piety under Uskayaw
  1714 | D:3      | Reached **** piety under Uskayaw
  1718 | D:3      | Reached ***** piety under Uskayaw
  1719 | D:3      | Reached skill level 1 in Conjurations
  1719 | D:3      | Reached skill level 1 in Hexes
  1719 | D:3      | Reached skill level 1 in Summonings
  1719 | D:3      | Reached skill level 1 in Necromancy
  1719 | D:3      | Reached skill level 1 in Translocations
  1719 | D:3      | Reached skill level 1 in Transmutations
  1719 | D:3      | Reached skill level 1 in Fire Magic
  1719 | D:3      | Reached skill level 1 in Ice Magic
  1719 | D:3      | Reached skill level 1 in Air Magic
  1719 | D:3      | Reached skill level 1 in Earth Magic
  1719 | D:3      | Reached skill level 1 in Poison Magic
  2180 | D:3      | Found a glowing golden altar of the Shining One.
  2194 | D:3      | Reached XP level 5. HP: 46/47 MP: 6/6
  2545 | D:3      | Found an ancient bone altar of Kikubaaqudgha.
  2656 | D:4      | Identified the +3 leather armour "Womm" {+Inv MP+9 Dex+4}
  2758 | D:4      | Noticed Eustachio
  2842 | D:4      | Found a staircase to the Ecumenical Temple.
  3088 | D:4      | Found Apna's Antique Weapon Boutique.
  3464 | D:4      | Learned a level 2 spell: Blink
  3615 | D:4      | Reached XP level 6. HP: 29/53 MP: 8/8
  3814 | D:4      | Killed Eustachio
  3815 | D:4      | Reached skill level 5 in Short Blades
  4200 | D:5      | Entered Level 5 of the Dungeon
  4227 | D:5      | Noticed Sigmund
  4242 | D:5      | Killed Sigmund
  4243 | D:5      | Reached XP level 7. HP: 54/60 MP: 10/10
  4620 | D:5      | Reached XP level 8. HP: 59/67 MP: 12/12
  5050 | D:6      | Found a burning altar of Makhleb.
  5055 | D:5      | Found Posaosk's Assorted Antiques.
  5414 | D:6      | Reached XP level 9. HP: 71/73 MP: 14/14
  5496 | D:6      | Got the Compendium of Lethal Translocation
  6525 | D:5      | Noticed Menkaure
  6525 | D:5      | Noticed Prince Ribbit
  6702 | D:1      | Bought a +2 hand axe of electrocution for 234 gold pieces
  7232 | D:5      | Killed Menkaure
  7363 | D:5      | Killed Prince Ribbit
  7364 | D:5      | Reached skill level 5 in Invocations
  7901 | D:7      | Reached XP level 10. HP: 80/80 MP: 17/17
  7920 | D:7      | Reached skill level 5 in Long Blades
  7920 | D:7      | Reached skill level 5 in Axes
  7920 | D:7      | Reached skill level 5 in Maces & Flails
  7920 | D:7      | Reached skill level 5 in Polearms
  7920 | D:7      | Reached skill level 5 in Staves
  7920 | D:7      | Reached skill level 5 in Slings
  7920 | D:7      | Reached skill level 5 in Bows
  7920 | D:7      | Reached skill level 5 in Crossbows
  7920 | D:7      | Reached skill level 5 in Throwing
  7920 | D:7      | Reached skill level 5 in Dodging
  7920 | D:7      | Reached skill level 5 in Stealth
  7920 | D:7      | Reached skill level 5 in Unarmed Combat
  7920 | D:7      | Reached skill level 5 in Spellcasting
  7920 | D:7      | Reached skill level 5 in Evocations
  9228 | D:9      | Found a shimmering altar of Xom.
 10069 | D:10     | Entered Level 10 of the Dungeon
 10522 | D:10     | Reached XP level 11. HP: 66/87 MP: 19/19
 10771 | D:10     | Noticed a boulder beetle
 10773 | D:10     | Reached skill level 5 in Conjurations
 10773 | D:10     | Reached skill level 5 in Hexes
 10773 | D:10     | Reached skill level 5 in Summonings
 10773 | D:10     | Reached skill level 5 in Necromancy
 10773 | D:10     | Reached skill level 5 in Translocations
 10773 | D:10     | Reached skill level 5 in Transmutations
 10773 | D:10     | Reached skill level 5 in Fire Magic
 10773 | D:10     | Reached skill level 5 in Ice Magic
 10773 | D:10     | Reached skill level 5 in Air Magic
 10773 | D:10     | Reached skill level 5 in Earth Magic
 10773 | D:10     | Reached skill level 5 in Poison Magic
 10792 | D:10     | Reached ****** piety under Uskayaw
 10793 | D:10     | Killed a boulder beetle
 10903 | D:10     | Killed from afar by a gargoyle

Illustrated notes

Levels and vault maps discovered:
D:1:      wander_arrival_peaceful_grave, layout_basic, serial_shops, shop,
          amcnicky_mini_pool_small, minmay_pentomino_s4
D:2:      layout_basic, shapermc_ecumenical_altar_venn, grunt_decor_mini_mirrors
D:3:      layout_loops_ring, chequers_temple_overflow_statue_of_worship,
          lemuel_zombie_altar_kikubaaqudgha, lemuel_crystal_altar,
          grunt_ministairs_3, serial_bayou_pond_b, kennysheep_decorative_pillar
D:4:      layout_loops_corners, minmay_temple_entry_large_hall, serial_shops,
          shop, uniq_eustachio
D:5:      minmay_recursive_quarters, layout_basic, serial_undead,
          serial_undead_e, serial_undead_b, serial_undead_d, serial_undead_a,
          nicolae_take_the_stairs, uniq_menkaure, uniq_prince_ribbit1,
          uniq_sigmund
D:6:      layout_basic, mainiacjoe_overflow_concentric_impassable,
          roderic_roman_lattice, kennysheep_generic_room_12
D:7:      layout_basic
D:8:      layout_cave_pools, minmay_crystal_water, grunt_decor_fettered
D:9:      layout_irregular_city, lemuel_tele_altar, serial_bayou_crossing
D:10:     minmay_ornate_pinched, layout_long_grid

Skill      XL: |  1  2  3  4  5  6  7  8  9 10 11 |
---------------+----------------------------------+-----
Invocations    | 1 2 3 4 5 6 |  6.8
Long Blades    | 1 2 3 4 5 6 |  6.2
Axes           | 1 2 3 4 5 6 |  6.2
Maces & Flails | 1 2 3 4 5 6 |  6.2
Polearms       | 1 2 3 4 5 6 |  6.2
Staves         | 1 2 3 4 5 6 |  6.2
Slings         | 1 2 3 4 5 6 |  6.2
Bows           | 1 2 3 4 5 6 |  6.2
Crossbows      | 1 2 3 4 5 6 |  6.2
Throwing       | 1 2 3 4 5 6 |  6.2
Dodging        | 1 2 3 4 5 6 |  6.2
Stealth        | 1 2 3 4 5 6 |  6.2
Unarmed Combat | 1 2 3 4 5 6 |  6.2
Spellcasting   | 1 2 3 4 5 6 |  6.2
Evocations     | 1 2 3 4 5 6 |  6.2
Conjurations   | 1 2 3 4 5 |  5.1
Hexes          | 1 2 3 4 5 |  5.1
Summonings     | 1 2 3 4 5 |  5.1
Necromancy     | 1 2 3 4 5 |  5.1
Translocations | 1 2 3 4 5 |  5.1
Transmutations | 1 2 3 4 5 |  5.1
Fire Magic     | 1 2 3 4 5 |  5.1
Ice Magic      | 1 2 3 4 5 |  5.1
Air Magic      | 1 2 3 4 5 |  5.1
Earth Magic    | 1 2 3 4 5 |  5.1
Poison Magic   | 1 2 3 4 5 |  5.1
Short Blades   | 5 6 7 |  7.8
Fighting       | 7 8 9 |  9.1
Armour         | 7 8 9 |  9.1
Shields        | 7 8 9 |  9.1

Action                   |  1- 3 |  4- 6 |  7- 9 | 10-12 || total
-------------------------+-------+-------+-------+-------++-------
Melee: Rapier            |   121 |   173 |   323 |       ||   617
       Bite              |    10 |    19 |    72 |    48 ||   149
       Hand axe          |       |       |    93 |   324 ||   417
       Spear             |       |       |    16 |       ||    16
Throw: Dart              |       |     2 |       |       ||     2
       Boomerang         |       |       |     4 |       ||     4
  Use: Scroll            |       |       |       |     6 ||     6
       Potion            |       |       |       |     2 ||     2
 Stab: Paralysed         |       |     3 |     5 |    13 ||    21
       Sleeping          |       |       |     4 |     6 ||    10
       Distracted        |       |       |     1 |       ||     1
Armor: Scale mail        |    45 |    40 |       |       ||    85
       Leather armour    |       |    45 |   174 |   125 ||   344
Dodge: Dodged            |    44 |    74 |   148 |   134 ||   400
Block: Kite shield       |    77 |   111 |   233 |   199 ||   620
